 Seeded DCSS version 0.29-a0-1023-g6ae1a4a2c7 (webtiles) character file.

Game seed: 20220811 (custom seed)

10 flotson the Sneak (level 2, 0/24 HPs)
             Began as a Demonspawn Delver on Aug 11, 2022.
             Succumbed to an adder's poison
             ... on level 4 of the Dungeon.
             The game lasted 00:00:26 (52 turns).

flotson the Sneak (Demonspawn Delver)                 Turns: 52, Time: 00:00:27

Health: 0/24       AC:  5    Str: 12    XL:     2   Next: 10%
Magic:  2/2        EV: 12    Int: 11    God:
Gold:   0          SH:  0    Dex: 14    Spells: 1/1 levels left

rFire   . . .      SeeInvis .   a - +0 spear
rCold   . . .      Faith    .   (no shield)
rNeg    . . .      Spirit   .   b - +0 leather armour
rPois   .          Reflect  .   (no helmet)
rElec   .          Harm     .   (no cloak)
rCorr   .          Rampage  .   (no gloves)
Will    .....                   (no boots)
Stlth   ++........              (no amulet)
HPRegen 0.08/turn               (no ring)
MPRegen 0.08/turn               (no ring)

@: lethally poisoned (0 -> -4), hasted, very quick
A: thin metallic scales 1
a: no special abilities


You were on level 4 of the Dungeon.
You visited 1 branch of the dungeon, and saw 2 of its levels.

Inventory:

Hand Weapons
 a - a +0 spear (weapon)
Armour
 b - a +0 leather armour (worn)
Wands
 g - a wand of digging (3)
Scrolls
 c - 2 scrolls of fog
 d - a scroll of magic mapping
 e - a scroll of fear
 h - a scroll of amnesia {unknown}


   Skills:
 + Level 3.1 Fighting
 - Level 1.7 Polearms
 + Level 0.5 Armour
 + Level 2.0 Dodging
 - Level 4.5 Stealth
 + Level 0.6 Evocations


You had one spell level left.
You didn't know any spells.
Your spell library was empty.

Dungeon Overview and Level Annotations

Branches:
Dungeon (5/15)
 Temple: D:4-7

Altars:


Innate Abilities, Weirdness & Mutations

You are partially covered in thin metallic scales. (AC +2)


Message History

The adder is severely wounded.
You feel sick. The adder bites you but does no damage.
You closely miss the adder.
The adder is severely wounded.
You feel sick. The adder barely misses you.
The adder bites you but does no damage.
You hit the adder but do no damage.
The adder is severely wounded.
You feel sick.
You are no longer poisoned.
The adder barely misses you.
You closely miss the adder.
The adder is severely wounded.
The adder barely misses you.
You barely miss the adder.
The adder is severely wounded.
The adder bites you.
* * * LOW HITPOINT WARNING * * *
You feel yourself speed up. The adder barely misses you. x2
You miss the adder.
The adder is severely wounded.
The adder bites you.
* * * LOW HITPOINT WARNING * * *
You are lethally poisoned!
The adder poisons you!
You hit the adder.
You kill the adder!
* * * LOW HITPOINT WARNING * * *
You feel sick.
Your Dodging skill increases to level 2!
You have reached level 2!
Your demonic ancestry asserts itself...
Thin metallic scales grow over part of your body.
There is a lethal amount of poison in your body!
You aren't carrying any potions.
* * * LOW HITPOINT WARNING * * *
You feel sick.
Things that are here:
a +0 dagger; a goblin corpse You die...

.# #####.###
#........
#........
#......>.
#>.......
########........
........#######.
#######@).....#
#######.... #


There were no monsters in sight!

Vanquished Creatures
  An adder (D:4)
  A goblin (D:4)
2 creatures vanquished.

Notes
Turn   | Place    | Note
-------+----------+-------------------------------------------
     0 | D:5      | flotson the Demonspawn Delver began the quest for the Orb.
     0 | D:5      | Reached XP level 1. HP: 18/18 MP: 1/1
    27 | D:5      | Noticed an orc wizard
    27 | D:5      | Noticed an orc priest
    28 | D:5      | Noticed an orc wizard
    29 | D:5      | Noticed an orc wizard
    30 | D:5      | Noticed an orc priest
    51 | D:4      | Gained mutation: You are partially covered in thin metallic
                  | scales. (AC +2) [demonic ancestry]
    51 | D:4      | Reached XP level 2. HP: 2/24 MP: 2/2
    51 | D:4      | HP: 1/24 [poisoned by an adder]
    52 | D:4      | Succumbed to an adder's poison

Illustrated notes

Levels and vault maps discovered:
D:4:      layout_rooms, uniq_menkaure
D:5:      layout_cave_pools, zin_academy, nicolae_ossuary_entry_ruins,
          due_unseen_surprise

Skill      XL: |  1 |
---------------+----+-----
Dodging        | 2 |  2.0
Fighting       | |  3.1
Polearms       | |  1.7
Armour         | |  0.5
Stealth        | |  4.5
Evocations     | |  0.6

Action                   || total
-------------------------++-------
Melee: Spear             ||    14
  Use: Potion            ||     1
Armor: Leather armour    ||     4
Dodge: Dodged            ||     9

Table legend: (Time is in decaauts)
 A = Elapsed time spent in this place.
 B = Non-inter-level travel time spent in this place.
 C = Inter-level travel time spent in this place.
 D = Time resting spent in this place.
 E = Time spent auto-exploring this place.
 F = Levels seen in this place.
 G = Mean time per level.
                   A        B        C        D        E       F      G
               +--------+--------+--------+--------+--------+-----+--------+
         Total |     50 |     50 |      0 |      0 |      0 |   2 |   25.0 |
       Dungeon |     50 |     50 |      0 |      0 |      0 |   2 |   25.0 |
               +--------+--------+--------+--------+--------+-----+--------+

Top non-repeatable levels by time:
     D:5: 31 daAuts
     D:4: 19 daAuts
